[Event "Team 45 45 League T58"]
[Site "Internet Chess Club"]
[Date "2013.08.25"]
[Round "1"]
[White "zap2"]
[Black "RedAttack"]
[Result "0-1"]
[WhiteElo "1779"]
[BlackElo "1849"]
[Opening "Réti: King's Indian attack (Barcza system)"]
[ECO "A07"]
[Time "15:04:54"]
[TimeControl "2700+45"]

1. Nf3 d5 2. g3 Nf6 3. d3 Nc6 4. Bg2 e5 5. Nbd2 Bc5 6. O-O O-O 7. e4 dxe4 8.
dxe4 Bg4 9. h3 Bh5 10. Qe1 Nb4 11. Qd1 Re8 12. g4 Bg6 13. Nh4 Qd7 14. a3 Nc6 15.
Nxg6 hxg6 16. Nb3 Qe7 17. Nxc5 Qxc5 18. Be3 Qb5 19. Qc1 Nd4 20. Bxd4 exd4 21. f3
Rad8 22. Rd1 Rd7 23. Rd3 Red8 24. Bf1 Qe5 25. Kg2 c5 26. c4 dxc3 27. Rxd7 Rxd7
28. bxc3 a6 29. Qe3 Qd6 30. Ra2 Ne8 31. Bc4 Nc7 32. a4 b5 33. axb5 axb5 34. e5
Qc6 35. Bb3 c4 36. Bc2 Nd5 37. Qe4 Qc5 38. e6 Rd8 39. exf7+ Kf8 40. Kg3 Qd6+ 41.
f4 Nxc3 42. Qe5 Qxe5 43. fxe5 Nxa2 44. Bxg6 Ke7 45. Kf4 c3 46. h4 Nb4 47. g5 c2
48. Bxc2 Nxc2 49. g6 b4 50. h5 b3 51. Kg5 b2 52. h6 gxh6+ 53. Kxh6 b1=Q 54. e6
Qh1+ 55. Kg5 Rd5+ 56. Kf4 Qh4+ 57. Kf3 Rd3+ 58. Ke2 Qe4+ 59. Kf2 Rf3+ 60. Kg2
Qg4+ {White resigns} 0-1

[Event "Team 45 45 League T58"]
[Site "Internet Chess Club"]
[Date "2013.08.25"]
[Round "1"]
[White "OneDirection"]
[Black "gandre"]
[Result "1/2-1/2"]
[WhiteElo "1472"]
[BlackElo "1794"]
[Opening "Caro-Kann: Steinitz variation"]
[ECO "B17"]
[Time "20:05:20"]
[TimeControl "2700+45"]

1. e4 c6 2. d4 d5 3. Nc3 dxe4 4. Nxe4 Nd7 5. Nf3 Ngf6 6. Nxf6+ Nxf6 7. c3 Bg4 8.
Be2 e6 9. O-O Bd6 10. h3 Bh5 11. Ne5 Bxe2 12. Qxe2 O-O 13. Bg5 h6 14. Bh4 Be7
15. Rfe1 Qc7 16. Rad1 Rad8 17. Bg3 Bd6 18. Rd2 c5 19. dxc5 Qxc5 {Game drawn by
mutual agreement} 1/2-1/2

[Event "Team 45 45 League T58"]
[Site "Internet Chess Club"]
[Date "2013.08.22"]
[Round "1"]
[White "Bryant-L"]
[Black "pereelcoix"]
[Result "0-1"]
[WhiteElo "1605"]
[BlackElo "1619"]
[Opening "QGD Slav defense: exchange variation"]
[ECO "D10"]
[Time "16:00:06"]
[TimeControl "2700+45"]

1. d4 d5 2. c4 c6 3. cxd5 cxd5 4. Nc3 Nf6 5. Bf4 Qb6 6. Rb1 Bf5 7. Rc1 Qxb2 8.
Bxb8 Rxb8 9. e3 Rc8 10. Bb5+ Kd8 11. Nge2 Ne4 12. Nxe4 Bxe4 13. Rxc8+ Kxc8 14.
f3 Bxf3 15. Kf2 Qxb5 16. gxf3 e6 17. Qc2+ Qc4 18. Qb2 Kb8 19. Rc1 Qb4 20. Qc2
Bd6 21. f4 g6 22. Ng1 f5 23. Nf3 h6 24. Nh4 g5 25. Ng6 Rd8 26. Ne7 Ka8 27. Rb1
Qc4 28. Qb2 Qc7 29. Ng6 gxf4 30. Rc1 fxe3+ 31. Kxe3 Qg7 32. Qg2 Rg8 33. h4 f4+
34. Ke2 Qxd4 35. h5 Qe3+ 36. Kd1 f3 37. Qf1 Qd4+ 38. Kc2 Rc8+ 39. Kb1 Qb4+ 40.
Ka1 Rxc1+ 41. Qxc1 f2 {White resigns} 0-1

[Event "Team 45 45 League T58"]
[Site "Internet Chess Club"]
[Date "2013.08.24"]
[Round "1"]
[White "Andressa"]
[Black "monkhammer"]
[Result "1-0"]
[WhiteElo "1468"]
[BlackElo "1613"]
[Opening "Sicilian"]
[ECO "B50"]
[Time "10:05:39"]
[TimeControl "2700+45"]

1. e4 c5 2. Nf3 d6 3. Nc3 Nf6 4. h3 Nc6 5. Bb5 Bd7 6. Bxc6 Bxc6 7. e5 Nd5 8.
Nxd5 Bxd5 9. d4 cxd4 10. Qxd4 Bxf3 11. gxf3 Qa5+ 12. Bd2 Qxe5+ 13. Qxe5 dxe5 14.
O-O-O O-O-O 15. Rhe1 f6 16. Be3 Rxd1+ 17. Rxd1 a6 18. Bb6 {Black resigns} 1-0

[Event "Team 45 45 League T58"]
[Site "Internet Chess Club"]
[Date "2013.08.26"]
[Round "1"]
[White "mhavgar"]
[Black "cBishop"]
[Result "1/2-1/2"]
[WhiteElo "1700"]
[BlackElo "1679"]
[Opening "QGD semi-Slav"]
[ECO "D43"]
[Time "12:03:36"]
[TimeControl "2700+45"]

1. d4 d5 2. c4 c6 3. Nc3 Nf6 4. Nf3 e6 5. cxd5 exd5 6. Bg5 Bd6 7. e3 Bf5 8. Qb3
Qb6 9. Qxb6 axb6 10. Bxf6 gxf6 11. Nh4 Bg6 12. Kd2 Nd7 13. Bd3 Ke7 14. Nf5+ Ke6
15. Ng7+ Ke7 16. Nf5+ Ke6 17. g4 b5 {Game drawn by mutual agreement} 1/2-1/2

[Event "Team 45 45 League T58"]
[Site "Internet Chess Club"]
[Date "2013.08.25"]
[Round "1"]
[White "burnsy"]
[Black "TwinsburgOHUSA"]
[Result "0-1"]
[WhiteElo "1517"]
[BlackElo "1433"]
[Opening "King's pawn game"]
[ECO "C50"]
[Time "20:09:01"]
[TimeControl "2700+45"]

1. Nf3 Nc6 2. e4 e5 3. Bc4 g6 4. c3 d6 5. Bb3 Qe7 6. d3 Bg7 7. Ng5 Be6 8. Nxe6
fxe6 9. Nd2 Nf6 10. Nf3 h6 11. h3 O-O-O 12. a4 d5 13. exd5 exd5 14. Qe2 Rhe8 15.
O-O g5 16. Nh2 d4 17. a5 a6 18. Ba4 Qe6 19. c4 Re7 20. b4 Nxb4 21. Ba3 c5 22.
Rab1 e4 23. Bxb4 cxb4 24. Rxb4 Nd7 25. c5 Nxc5 26. Rc1 Rc7 27. dxe4 d3 28. Qe3
Nxa4 29. Rxc7+ Kxc7 30. Rxa4 d2 31. Qc5+ Kb8 {White resigns} 0-1

[Event "Team 45 45 League T58"]
[Site "Internet Chess Club"]
[Date "2013.09.04"]
[Round "1"]
[White "Gilguli"]
[Black "rayfincle"]
[Result "0-1"]
[WhiteElo "1433"]
[BlackElo "1474"]
[Opening "Alekhine's defense: Scandinavian variation"]
[ECO "B02"]
[Time "08:05:51"]
[TimeControl "2700+45"]

1. e4 Nf6 2. Nc3 d5 3. e5 Nfd7 4. Nxd5 e6 5. Nc3 Nxe5 6. Nf3 Nbc6 7. Bb5 Nxf3+
8. Qxf3 Bd7 9. d3 Bb4 10. Bd2 O-O 11. O-O-O Nd4 12. Qxb7 Nxb5 13. Nxb5 Bxd2+ 14.
Rxd2 Rb8 15. Qxc7 Rxb5 16. Qxa7 Ra5 17. Qb7 Rxa2 18. Kb1 Qa5 {White resigns} 0-1

[Event "Team 45 45 League T58"]
[Site "Internet Chess Club"]
[Date "2013.08.24"]
[Round "1"]
[White "sonoftill"]
[Black "Epcot"]
[Result "1-0"]
[WhiteElo "2156"]
[BlackElo "2097"]
[Opening "Queen's pawn: London system"]
[ECO "A45"]
[Time "13:12:38"]
[TimeControl "2700+45"]

1. d4 Nf6 2. Bf4 g6 3. e3 Bg7 4. Nf3 O-O 5. Be2 d6 6. O-O Nbd7 7. h3 Ne4 8. Qd3
Ndf6 9. Ne1 d5 10. f3 Nd6 11. Nd2 c6 12. Qb3 Nd7 13. Nd3 Qe8 14. a4 e5 15. dxe5
Nxe5 16. Nxe5 Bxe5 17. Bh6 Bg7 18. Bxg7 Kxg7 19. Qc3+ f6 20. Rfe1 Qe5 21. Qxe5
fxe5 22. c4 Be6 23. c5 Nf5 24. Bd3 Rae8 25. e4 Nd4 26. exd5 Bxd5 27. a5 a6 28.
Re3 Ne6 29. Rc1 Kf6 30. b4 Rd8 31. Rce1 Nf4 32. Bf1 Rfe8 33. g3 Nh5 34. f4 e4
35. Kf2 g5 36. Nxe4+ Bxe4 37. Rxe4 Rd2+ 38. Kf3 Rxe4 39. Rxe4 gxf4 40. g4 Ng7
41. Rxf4+ Kg6 42. Ke3 Rb2 43. Bd3+ Kh6 44. Rf6+ Kg5 45. Rf7 Ne6 46. Bc4 Rb1 47.
h4+ Kxh4 48. Bxe6 Re1+ 49. Kf4 {Black resigns} 1-0

[Event "Team 45 45 League T58"]
[Site "Internet Chess Club"]
[Date "2013.08.25"]
[Round "1"]
[White "xwang1"]
[Black "SlimeDog2"]
[Result "0-1"]
[WhiteElo "2126"]
[BlackElo "2058"]
[Opening "Ruy Lopez: open, Bernstein variation"]
[ECO "C80"]
[Time "16:04:04"]
[TimeControl "2700+45"]

1. e4 e5 2. Nf3 Nc6 3. Bb5 a6 4. Ba4 Nf6 5. O-O Nxe4 6. d4 b5 7. Bb3 d5 8. dxe5
Be6 9. Nbd2 Bc5 10. Nxe4 dxe4 11. Bxe6 Qxd1 12. Bxf7+ Kxf7 13. Ng5+ Kg6 14. Rxd1
e3 15. Ne4 exf2+ 16. Kf1 Bb6 17. e6 Rae8 18. Ng5 Nd4 19. Nf7 Rhg8 20. Ne5+ Kf5
21. Nd7 Nxc2 22. Nxb6 Rxe6 23. Nd5 Re1+ 24. Kxf2 Rxd1 25. Ne7+ Ke6 26. Rb1 Rf8+
27. Ke2 Re1+ 28. Kd3 Nb4+ 29. Kd2 Rff1 30. a3 Kxe7 31. axb4 Ke6 32. Ra1 Kd5 33.
b3 Rxc1 34. Rxc1 Rxc1 35. Kxc1 Kd4 36. Kd2 h5 37. h4 g6 38. g3 Ke4 39. Ke2 c6
40. Kf2 Kd4 41. Kf3 c5 42. bxc5 Kxc5 43. Kf4 a5 44. Kg5 a4 45. Kxg6 axb3 46.
Kxh5 b2 47. g4 b1=Q 48. g5 Qd1+ 49. Kh6 b4 50. g6 b3 51. g7 Qg4 {White resigns}
0-1

[Event "Team 45 45 League T58"]
[Site "Internet Chess Club"]
[Date "2013.08.24"]
[Round "1"]
[White "cysk"]
[Black "Greedy-Reedy"]
[Result "0-1"]
[WhiteElo "1803"]
[BlackElo "2009"]
[Opening "Pirc: classical system, 5.Be2"]
[ECO "B08"]
[Time "15:12:29"]
[TimeControl "2700+45"]

1. e4 d6 2. d4 g6 3. Nc3 Nf6 4. Nf3 Bg7 5. Be2 O-O 6. O-O Bg4 7. h3 Bxf3 8. Bxf3
Nc6 9. e5 dxe5 10. dxe5 Nxe5 11. Bxb7 Qxd1 12. Rxd1 Rad8 13. Re1 Nc4 14. Rxe7
Rfe8 15. Rxe8+ Nxe8 16. Bc6 Kf8 17. Nd5 Rd6 18. Bxe8 Rxd5 19. Bc6 Rd1+ 20. Kh2
Kg8 21. g3 h5 22. c3 h4 23. Bf3 hxg3+ 24. Kxg3 Re1 {White forfeits on time} 0-1

[Event "Team 45 45 League T58"]
[Site "Internet Chess Club"]
[Date "2013.08.23"]
[Round "1"]
[White "DeepGreen"]
[Black "arhrid"]
[Result "1/2-1/2"]
[WhiteElo "1879"]
[BlackElo "1762"]
[Opening "Giuoco Pianissimo"]
[ECO "C50"]
[Time "22:00:22"]
[TimeControl "2700+45"]

1. e4 e5 2. Nf3 Nc6 3. Bc4 Bc5 4. d3 Nf6 5. Bg5 d6 6. h3 O-O 7. c3 h6 8. Bh4 g5
9. Bg3 Ne7 10. O-O Ng6 11. d4 Bb6 12. Qd3 Qe7 13. Nbd2 Kg7 14. Rfe1 Nh5 15. Nf1
Nhf4 16. Qc2 Qf6 17. Rad1 Nxh3+ 18. gxh3 Qxf3 19. Be2 Qf6 20. Bg4 exd4 21. cxd4
Bxd4 22. Qxc7 Bxg4 23. hxg4 Nh4 24. Bxh4 gxh4 25. Ne3 Bxe3 26. Rxe3 Qxb2 27.
Rxd6 Rac8 28. Qe7 Rc1+ 29. Kg2 Rc2 30. Qxh4 f6 31. Rb3 Qe5 32. Rxb7+ Rf7 33.
Rxf7+ Kxf7 34. Rd7+ Ke6 35. Rxa7 Qxe4+ 36. Kh2 Qf4+ 37. Kg2 Qe4+ 38. Kh2 Qf3 39.
Ra6+ Ke7 40. Ra7+ Kd8 41. Ra8+ Kd7 42. Ra7+ Kc8 43. Ra8+ Kb7 44. Ra3 Rxf2+ 45.
Qxf2 Qxf2+ 46. Kh3 Qf1+ 47. Kg3 Qe1+ 48. Kh3 Qa1 49. Rf3 Kc7 50. Rf5 Kd6 51. a4
Ke6 52. a5 Kf7 53. Kg2 Kg6 54. Kf3 Qc3+ 55. Kg2 Qd2+ 56. Kf3 Qd1+ 57. Kf4 Qf1+
58. Kg3 Qe1+ 59. Kf3 Qf1+ 60. Kg3 Qa6 61. Kf3 Kg7 62. Ke3 Qe6+ 63. Kf3 Qb3+ 64.
Kf2 Qc2+ 65. Kf3 Qd3+ 66. Kf4 Kg6 67. Rh5 Qd4+ 68. Kf3 Qd1+ 69. Kf4 Qf1+ 70. Kg3
Qe1+ 71. Kf3 Qf1+ 72. Kg3 Qg1+ 73. Kf3 Qf1+ 74. Kg3 Qd3+ 75. Kf4 Kg7 76. Rf5 Kg6
77. Rh5 Qd4+ 78. Kf3 Qc3+ 79. Kf4 Qd2+ 80. Kf3 Qd1+ 81. Kf4 Qd2+ 82. Kf3 Qd3+
83. Kf4 Qf1+ 84. Kg3 Qe1+ 85. Kf3 Qc3+ 86. Kf4 Qc1+ 87. Kf3 Qa3+ 88. Kf4 Qb4+
89. Kf3 Qc3+ 90. Kf4 Qb4+ 91. Kf3 Qb3+ 92. Kf4 Qc4+ 93. Kf3 Qc6+ 94. Kf4 Qd6+
95. Kf3 Qa3+ 96. Kf4 Qb4+ 97. Kf3 Qb3+ 98. Kf4 Qa4+ 99. Kf3 Qb3+ 100. Kf4 Qd3
101. Rf5 Kg7 102. Rh5 Kg6 103. Rf5 Qf1+ 104. Kg3 Qg1+ 105. Kf3 Qh1+ 106. Kg3
Qe1+ 107. Kf3 Qc3+ {Game drawn by the 50 move rule} 1/2-1/2

[Event "Team 45 45 League T58"]
[Site "Internet Chess Club"]
[Date "2013.08.25"]
[Round "1"]
[White "MedRep"]
[Black "Froggy"]
[Result "1/2-1/2"]
[WhiteElo "2050"]
[BlackElo "2207"]
[Opening "Robatsch defense"]
[ECO "B06"]
[Time "08:01:21"]
[TimeControl "2700+45"]

1. e4 g6 2. d4 Bg7 3. Nc3 c6 4. Nf3 d5 5. h3 Nh6 6. Be2 O-O 7. O-O dxe4 8. Nxe4
Nf5 9. c3 Nd7 10. Bg5 Nb6 11. Qd2 h6 12. Bf4 Nd5 13. Bh2 h5 14. Rfe1 Bh6 15. Qc2
Bf4 16. Bf1 Bxh2+ 17. Nxh2 Nd6 18. Ng5 Bf5 19. Qe2 Re8 20. g4 hxg4 21. hxg4 Bd7
22. c4 Nf6 23. Qf3 Kg7 24. a4 Rh8 25. c5 Nde8 26. Bc4 e6 27. Kg2 Nc7 28. Qg3
Ncd5 29. Nhf3 Qa5 30. Ne5 Raf8 31. Rh1 Be8 32. Bd3 Qd2 33. Nh3 Qxb2 34. Rab1
Qxd4 35. Rxb7 Rxh3 36. Rxh3 Nf4+ 37. Kh2 Qxe5 38. Bb1 Nxg4+ 39. Qxg4 Nxh3+ 40.
Kxh3 Rh8+ 41. Kg2 Qh2+ 42. Kf1 Qh1+ 43. Ke2 Rh4 44. Qxg6+ Kh8 45. Qf6+ Kg8 46.
Qg5+ Kf8 47. Qe7+ Kg7 48. Qg5+ Kf8 49. Qe7+ Kg7 50. Qg5+ Kf8 {Game drawn by
repetition} 1/2-1/2

[Event "Team 45 45 League T58"]
[Site "Internet Chess Club"]
[Date "2013.08.25"]
[Round "1"]
[White "CogitoErgoSum"]
[Black "koni"]
[Result "0-1"]
[WhiteElo "1891"]
[BlackElo "1944"]
[Opening "Philidor: Improved Hanham variation"]
[ECO "B07"]
[Time "11:00:33"]
[TimeControl "2700+45"]

1. e4 d6 2. d4 Nf6 3. Nc3 e5 4. Nf3 Nbd7 5. Bc4 Be7 6. O-O O-O 7. Re1 c6 8. a4
a5 9. b3 exd4 10. Qxd4 Ne5 11. Be2 Nfg4 12. Ba3 Bf6 13. Qd2 Qb6 14. Nd4 Nxf2 15.
Bf1 Ned3 16. Bxd3 Nxd3 17. Qxd3 Qxd4+ 18. Re3 Re8 19. Rd1 Qxc3 20. Qxc3 Bxc3 21.
Rxc3 Rxe4 22. Bxd6 Bf5 23. Rf1 Bg6 24. h3 Re2 25. Rf2 Re1+ 26. Kh2 f6 27. Bc7 b5
28. Rd2 bxa4 29. bxa4 Re4 30. Rxc6 Rxa4 31. Rc5 Ra2 32. Rcd5 a4 33. c4 Rxd2 34.
Rxd2 a3 35. Ra2 Bb1 36. Ra1 a2 37. c5 Kf7 38. g3 Ke6 39. Kg2 Kd5 40. Bd6 Rc8 41.
Kf2 Rxc5 42. Bxc5 Kxc5 43. Ke2 Kc4 44. Kd2 Kb3 45. Kc1 Kc3 46. h4 h5 {White
resigns} 0-1

[Event "Team 45 45 League T58"]
[Site "Internet Chess Club"]
[Date "2013.08.25"]
[Round "1"]
[White "FourKnights"]
[Black "nurmi"]
[Result "1/2-1/2"]
[WhiteElo "1811"]
[BlackElo "1941"]
[Opening "Grünfeld: exchange, Seville variation"]
[ECO "D87"]
[Time "17:02:09"]
[TimeControl "2700+45"]

1. d4 Nf6 2. c4 g6 3. Nc3 d5 4. cxd5 Nxd5 5. e4 Nxc3 6. bxc3 Bg7 7. Bc4 c5 8.
Ne2 Nc6 9. Be3 O-O 10. O-O Bg4 11. f3 Na5 12. Bxf7+ Rxf7 13. fxg4 Rxf1+ 14. Kxf1
Qf8+ 15. Kg1 Rd8 16. Qa4 Nc6 17. Rf1 Qe8 18. d5 Ne5 19. Qxe8+ Rxe8 {Game drawn
by mutual agreement} 1/2-1/2

[Event "Team 45 45 League T58"]
[Site "Internet Chess Club"]
[Date "2013.08.31"]
[Round "1"]
[White "mugurelt"]
[Black "nidusin2"]
[Result "1-0"]
[WhiteElo "1803"]
[BlackElo "1658"]
[Opening "English: Queens Indian formation"]
[ECO "A17"]
[Time "09:02:31"]
[TimeControl "2700+45"]

1. c4 Nf6 2. Nc3 e6 3. Nf3 b6 4. g3 Bb7 5. Bg2 c5 6. O-O d5 7. d4 Nbd7 8. Qa4
cxd4 9. Nxd4 e5 10. Nf5 g6 11. Ne3 Bd6 12. Nexd5 Nxd5 13. Nxd5 O-O 14. Bh6 Re8
15. Rfd1 e4 16. f4 Bxd5 17. Rxd5 Qc7 18. Rad1 Nc5 19. Qc2 Re6 20. b4 Nb7 21.
Bxe4 Rae8 22. Bf3 Bxb4 23. Rd7 Qc5+ 24. Kg2 Nd6 25. Rd5 Qxc4 26. Qxc4 Nxc4 27.
Kh3 Ne3 28. Rd3 Nf5 29. Bg5 f6 30. e4 fxg5 31. exf5 gxf5 32. fxg5 R6e7 33. R3d5
Rxd7 34. Rxd7 Re7 35. Rd5 Rf7 36. Rb5 Be7 37. Bd5 Bxg5 38. Bxf7+ Kxf7 39. Rxf5+
Kg6 40. Rd5 h5 41. Kg2 Be3 42. Kf3 Bc5 43. h4 a6 44. Rg5+ Kh6 45. Ke4 Ba3 46.
Kf5 Bc5 47. Rg6+ Kh7 48. Kg5 a5 49. Kxh5 a4 50. Re6 Bf2 51. Kg4 a3 52. Kf3 Bd4
53. g4 Kg7 54. Ke4 Bf2 55. h5 Kf7 56. Rg6 b5 57. Kd3 Be1 58. Kc2 b4 59. Kb3
{Black resigns} 1-0

[Event "Team 45 45 League T58"]
[Site "Internet Chess Club"]
[Date "2013.08.21"]
[Round "1"]
[White "Ajolote"]
[Black "noblitz-oblige"]
[Result "1-0"]
[WhiteElo "1593"]
[BlackElo "1568"]
[Opening "Giuoco Piano: four knights variation"]
[ECO "C55"]
[Time "21:00:09"]
[TimeControl "2700+45"]

1. e4 e5 2. Nf3 Nc6 3. Bc4 Nf6 4. Nc3 Bc5 5. O-O d6 6. h3 h6 7. d3 O-O 8. Be3
Nd4 9. Bxd4 Bxd4 10. Nxd4 exd4 11. Ne2 c5 12. Ng3 a6 13. a4 Re8 14. f4 d5 15.
exd5 Nxd5 16. Qh5 Be6 17. Bxd5 Bxd5 18. Rfe1 Bc6 19. Qxc5 Qh4 20. Rxe8+ Rxe8 21.
Nf5 Re1+ 22. Rxe1 Qxe1+ 23. Kh2 Bxa4 24. Qxd4 {Black resigns} 1-0

[Event "Team 45 45 League T58"]
[Site "Internet Chess Club"]
[Date "2013.08.26"]
[Round "1"]
[White "RD1974"]
[Black "monkeyshark"]
[Result "1-0"]
[WhiteElo "1617"]
[BlackElo "1575"]
[Opening "Queen's gambit declined"]
[ECO "D30"]
[Time "11:00:43"]
[TimeControl "2700+45"]

1. d4 d5 2. c4 e6 3. Nf3 Nf6 4. g3 Nbd7 5. Bg2 b6 6. O-O Be7 7. Nc3 Bb7 8. Bg5
O-O 9. Qa4 h6 10. Bf4 c5 11. Nb5 Bc6 12. Qb3 Bxb5 13. Qxb5 Rc8 14. Rac1 Nh5 15.
Bd2 Bf6 16. g4 cxd4 17. gxh5 Rc5 18. Qb3 dxc4 19. Rxc4 Rxh5 20. Bf4 e5 21. Bg3
Nc5 22. Qc2 e4 23. Ne1 d3 24. exd3 exd3 25. Qd2 Bg5 26. f4 Bh4 27. b4 Bxg3 28.
hxg3 Re8 29. bxc5 Re2 30. Qxd3 Qe7 31. Bf3 Rhh2 32. Bxe2 Rxe2 33. Nc2 {Black
resigns} 1-0

[Event "Team 45 45 League T58"]
[Site "Internet Chess Club"]
[Date "2013.08.24"]
[Round "1"]
[White "Insan996"]
[Black "pmxpp"]
[Result "1-0"]
[WhiteElo "1557"]
[BlackElo "1468"]
[Opening "King's Indian: East Indian defense"]
[ECO "A48"]
[Time "10:08:07"]
[TimeControl "2700+45"]

1. d4 Nf6 2. Nf3 g6 3. e3 Bg7 4. Be2 e6 5. b3 O-O 6. O-O d5 7. Bb2 Nbd7 8. c4 c6
9. Nc3 b6 10. Qc2 Qc7 11. Rac1 Re8 12. cxd5 exd5 13. Nb5 Qd8 14. Qxc6 Rb8 15.
Nxa7 Bb7 16. Qc2 Ra8 17. Nb5 Rc8 18. Qb1 Ne4 19. Rxc8 Bxc8 20. Rc1 Ndf6 21. Qc2
Bb7 22. Qc7 Qxc7 23. Rxc7 Rb8 24. Ba3 Bf8 25. Bxf8 Kxf8 26. Kf1 h6 27. Ne5 Kg8
28. Nxf7 Ba6 29. Nxh6+ Kf8 30. f3 Bxb5 31. Bxb5 Nd6 32. Bd3 Nfe8 33. Rd7 Ra8 34.
a4 g5 35. Ke2 Rb8 36. Bg6 Rb7 37. Rxb7 Nxb7 38. Bxe8 Kxe8 39. b4 Ke7 40. Ng4 Kd6
41. Ne5 Nd8 42. g4 Ne6 43. Ng6 Kd7 44. h4 gxh4 45. Nxh4 Kd6 46. Nf5+ Kd7 47. f4
Nf8 48. Ng3 Ke6 49. f5+ Kf6 50. e4 dxe4 51. Nxe4+ Ke7 52. d5 Nd7 53. Kd3 Ne5+
54. Kd4 Nxg4 55. d6+ Kd7 56. a5 bxa5 57. bxa5 Kc6 58. a6 Kb6 59. d7 {Black
resigns} 1-0

[Event "Team 45 45 League T58"]
[Site "Internet Chess Club"]
[Date "2013.08.24"]
[Round "1"]
[White "Goldenberg"]
[Black "jps7"]
[Result "1-0"]
[WhiteElo "1904"]
[BlackElo "1805"]
[Opening "French: exchange variation"]
[ECO "C01"]
[Time "21:22:18"]
[TimeControl "2700+45"]

1. e4 e6 2. d4 d5 3. exd5 exd5 4. c4 Nf6 5. Nf3 Bb4+ 6. Bd2 Bxd2+ 7. Qxd2 O-O 8.
Nc3 Re8+ 9. Be2 dxc4 10. O-O Be6 11. d5 Nxd5 12. Bxc4 c6 13. Rad1 Qa5 14. Nxd5
cxd5 15. Qxa5 {Black resigns} 1-0

[Event "Team 45 45 League T58"]
[Site "Internet Chess Club"]
[Date "2013.08.25"]
[Round "1"]
[White "misuc56"]
[Black "ausya"]
[Result "0-1"]
[WhiteElo "1780"]
[BlackElo "1735"]
[Opening "Benoni defense"]
[ECO "A56"]
[Time "16:00:22"]
[TimeControl "2700+45"]

1. d4 Nf6 2. c4 c5 3. e3 g6 4. Nf3 Bg7 5. Nc3 O-O 6. Be2 d6 7. h3 Bf5 8. O-O Nc6
9. a3 Rc8 10. Bd2 a6 11. Be1 cxd4 12. exd4 Na5 13. b3 Qb6 14. Bd3 Bxd3 15. Qxd3
Qxb3 16. Nd2 Qb6 17. Na4 Qa7 18. Rb1 Nd7 19. Qc3 Nc6 20. Qb3 Nxd4 21. Qxb7 Rc7
22. Qxa7 Rxa7 23. Nf3 Nxf3+ 24. gxf3 Ne5 25. c5 dxc5 26. Nxc5 Nxf3+ 27. Kg2 Nh4+
28. Kg3 Nf5+ 29. Kg2 Rc8 30. Na4 Be5 31. Rb3 Rc2 32. Ba5 Bf4 33. Kf3 Nd4+ 34.
Kxf4 Nxb3 35. Rb1 Nxa5 {White resigns} 0-1

[Event "Team 45 45 League T58"]
[Site "Internet Chess Club"]
[Date "2013.08.21"]
[Round "1"]
[White "JasonModer"]
[Black "WOLFSPELZ"]
[Result "1-0"]
[WhiteElo "1456"]
[BlackElo "1405"]
[Opening "French: Winawer, advance, positional main line"]
[ECO "C19"]
[Time "18:00:21"]
[TimeControl "2700+45"]

1. e4 e6 2. d4 d5 3. Nc3 Bb4 4. a3 Bxc3+ 5. bxc3 Ne7 6. e5 c5 7. Nf3 Qa5 8. g3
Nbc6 9. Bd2 c4 10. Bg2 Bd7 11. O-O O-O 12. h4 Nf5 13. h5 h6 14. g4 Nfe7 15. g5
Nf5 16. Bh3 Nce7 17. gxh6 gxh6 18. Nh2 Kh7 19. Ng4 Rg8 20. Kh1 Rxg4 21. Bxg4 Rg8
22. Rg1 Qd8 23. Bxf5+ exf5 24. Qf3 Qf8 25. Rxg8 Qxg8 26. Rg1 Qf8 27. Qg3 Ba4 28.
Bf4 Bd7 29. e6 Bxe6 30. Bd6 f6 31. Bxe7 Qxe7 32. Qg6+ Kh8 33. Qxh6+ Qh7 34.
Qxf6+ {Black resigns} 1-0

[Event "Team 45 45 League T58"]
[Site "Internet Chess Club"]
[Date "2013.08.25"]
[Round "1"]
[White "lemanofzorn"]
[Black "Elton2013"]
[Result "1-0"]
[WhiteElo "1629"]
[BlackElo "1479"]
[Opening "King's Indian, 3.Nf3"]
[ECO "E60"]
[Time "18:00:09"]
[TimeControl "2700+45"]

1. d4 Nf6 2. c4 g6 3. Nf3 Bg7 4. g3 O-O 5. Bg2 d6 6. O-O c5 7. Bg5 h6 8. Bxf6
Bxf6 9. Nc3 Nc6 10. dxc5 dxc5 11. Qc1 Bg7 12. Rd1 Bd7 13. Qe3 b6 14. a3 Qc7 15.
Nd5 Qb7 16. Nxe7+ Nxe7 17. Qxe7 Rad8 18. Ne5 Qc7 19. Nxd7 Rfe8 20. Nf6+ Bxf6 21.
Qxc7 Rc8 22. Qxa7 Rxe2 23. Rd7 Rf8 24. Bd5 Bd4 25. Rxf7 Ree8 26. Rxf8+ Kxf8 27.
Qf7# {Black checkmated} 1-0

[Event "Team 45 45 League T58"]
[Site "Internet Chess Club"]
[Date "2013.08.22"]
[Round "1"]
[White "Bible-Believer"]
[Black "tightfist"]
[Result "1-0"]
[WhiteElo "1673"]
[BlackElo "1522"]
[Opening "French: Winawer (Nimzovich) variation"]
[ECO "C15"]
[Time "22:15:31"]
[TimeControl "2700+45"]

1. e4 e6 2. d4 d5 3. Nc3 Bb4 4. Bd3 dxe4 5. Bxe4 Nf6 6. Bg5 h6 7. Bxf6 Qxf6 8.
Nf3 c6 9. O-O Bxc3 10. bxc3 O-O 11. Qd2 Nd7 12. Rab1 Nb6 13. Bd3 Nd5 14. Rfe1
Nf4 15. Bf1 Nh3+ 16. gxh3 Qxf3 17. Re3 Qf4 18. Qd3 b6 19. Rf3 Qg5+ 20. Rg3 Qf5
21. Qxf5 exf5 22. Re1 Be6 23. Bg2 Rac8 24. a4 a5 25. Re5 Rfd8 26. Rge3 g6 27.
Re1 Bd5 28. Rb1 Bxg2 29. Kxg2 Rb8 30. Kf3 Kf8 31. h4 Re8 32. Rbe1 Rxe5 33. Rxe5
Re8 34. Ke3 Re6 35. Kd3 Ke7 36. c4 Rxe5 37. dxe5 Ke6 38. f4 f6 39. exf6 Kxf6 40.
Kd4 Ke6 41. c3 Kd6 42. c5+ bxc5+ 43. Kc4 h5 44. h3 Kc7 45. Kxc5 Kb7 46. Kd6 Kb6
47. c4 c5 48. Ke6 Kc6 49. Kf6 Kd6 50. Kxg6 Ke6 51. Kxh5 Kf6 52. Kh6 Kf7 53. Kg5
Ke6 54. h5 Kf7 55. Kxf5 Kg7 56. Kg5 Kf7 57. h6 Kg8 58. Kg6 Kh8 59. f5 Kg8 60. f6
Kh8 61. Kf5 Kg8 62. Ke6 Kh7 63. f7 Kxh6 64. f8=Q+ Kg5 65. Qf3 Kg6 66. Qg4+ Kh7
67. Kf7 {Black resigns} 1-0

[Event "Team 45 45 League T58"]
[Site "Internet Chess Club"]
[Date "2013.08.23"]
[Round "1"]
[White "GideonL"]
[Black "BotanicalKnight"]
[Result "1/2-1/2"]
[WhiteElo "1478"]
[BlackElo "1484"]
[Opening "Caro-Kann: advance variation"]
[ECO "B12"]
[Time "19:30:52"]
[TimeControl "2700+45"]

1. e4 c6 2. d4 d5 3. e5 Bf5 4. Bd3 Bxd3 5. Qxd3 e6 6. Nf3 Qa5+ 7. Nc3 Qa6 8.
Qxa6 Nxa6 9. a3 Ne7 10. Bg5 h6 11. Bxe7 Bxe7 12. O-O-O b5 13. Ne2 c5 14. dxc5
Nxc5 15. Ned4 b4 16. axb4 Ne4 17. Rhf1 Bxb4 18. Nb5 O-O 19. Nbd4 a5 20. c3 Rfc8
21. Kb1 Be7 22. Nd2 Nc5 23. f4 a4 24. Ka2 a3 25. b3 Nd3 26. Nb1 Nc5 27. g3 Ne4
28. Rd3 Nc5 29. Rdd1 Ne4 30. Rd3 Nc5 {Game drawn by mutual agreement} 1/2-1/2

[Event "Team 45 45 League T58"]
[Site "Internet Chess Club"]
[Date "2013.08.24"]
[Round "1"]
[White "chesskix"]
[Black "jjaillet2007"]
[Result "1-0"]
[WhiteElo "1366"]
[BlackElo "1383"]
[Opening "Réti opening"]
[ECO "A30"]
[Time "10:00:50"]
[TimeControl "2700+45"]

1. Nf3 c5 2. c4 d6 3. Nc3 a6 4. b3 Nf6 5. Bb2 Nc6 6. g3 e6 7. Bg2 d5 8. O-O d4
9. Nb1 Bd6 10. d3 O-O 11. Nbd2 Re8 12. Ne4 Nxe4 13. dxe4 e5 14. Bc1 h6 15. Bd2
Bg4 16. a3 Bxf3 17. Bxf3 Ne7 18. Qc1 Ng6 19. Bg2 Be7 20. f4 exf4 21. Bxf4 Bg5
22. Bxg5 Qxg5 23. Qxg5 hxg5 24. Rf5 Re5 25. Raf1 f6 26. a4 a5 27. Rd1 Rd8 28. e3
d3 29. Kf2 Ne7 30. Rxe5 fxe5 31. Ke1 Nc6 32. Kd2 Nb4 33. Rf1 Rf8 34. Rf5 Rxf5
35. exf5 Kf7 36. Bxb7 Kf6 37. g4 g6 38. fxg6 Kxg6 39. Be4+ Kf6 40. h3 Ke6 41.
Bf5+ Kf6 42. Bxd3 Nxd3 43. Kxd3 Ke6 44. Ke4 Kf6 45. Kd5 e4 46. Kxc5 Ke5 47. Kb6
Kd6 48. c5+ Kd7 49. Kb7 Kd8 50. c6 {Black resigns} 1-0